 Dungeon Crawl Stone Soup version 0.19-a0-1035-gdbfb0c6 (webtiles) character file.

43438 poirepourri the Severer (level 13, 0/125 HPs)
             Began as a Minotaur Fighter on July 29, 2016.
             Was an Elder of Qazlal.
             Slain by an eight-headed hydra (7 damage)
             ... on level 6 of the Lair of Beasts.
             The game lasted 00:30:54 (18642 turns).

poirepourri the Severer (Minotaur Fighter)         Turns: 18642, Time: 00:30:54

Health: 0/125      AC: 17    Str: 24    XL:     13   Next: 90%
Magic:  14/14      EV: 15    Int:  5    God:    Qazlal [****..]
Gold:   1198       SH: 20    Dex: 12    Spells: 0 memorised, 12 levels left

rFire  . . .     SeeInvis .     a - +7 war axe
rCold  . . .     Gourm    .     b - +2 scale mail
rNeg   . . .     Faith    .     c - +2 shield
rPois  .         Spirit   .     (helmet restricted)
rElec  .         Dismiss  .     d - +2 cloak {+Inv}
rCorr  .         Reflect  .     (no gloves)
SustAt .         Harm     .     v - +2 pair of boots
MR     +....                    W - amulet of magic regeneration
Stlth  +.........               j - ring of protection from magic
                                H - +1 ring of evasion

@: lethally poisoned (0 -> -3), about to teleport, repel missiles, somewhat
resistant to hostile enchantments, very unstealthy
A: retaliatory headbutt, horns 2, camouflage 1
a: Upheaval, Elemental Force, Renounce Religion, Evoke Invisibility


You were on level 6 of the Lair of Beasts.
You worshipped Qazlal.
Qazlal was greatly pleased with you.
You were not hungry.

You visited 3 branches of the dungeon, and saw 20 of its levels.

You collected 1198 gold pieces.

Inventory:

Hand Weapons
 a - a +7 war axe (weapon)
Missiles
 i - 108 bolts
Armour
 b - a +2 scale mail (worn)
 c - a +2 shield (worn)
 d - a +2 cloak of invisibility (worn)
 v - a +2 pair of boots (worn)
Jewellery
 f - an uncursed ring of see invisible
 j - a ring of protection from magic (right hand)
 l - an uncursed ring of ice
 n - the ring "Iriwkoid" {rC+ rN+ Dex-3 Stlth+}
   (You found it on level 7 of the Dungeon)

   [ring of positive energy]

   It affects your dexterity (-3).
   It protects you from cold.
   It protects you from negative energy.
   It makes you more stealthy.
 u - an uncursed ring of protection from fire {unknown}
 H - a +1 ring of evasion (left hand)
 J - an uncursed ring of fire
 V - a +5 ring of intelligence {unknown}
 W - an amulet of magic regeneration (around neck)
 Y - an uncursed amulet of dismissal {unknown}
Wands
 g - a wand of iceblast (7/15)
 k - a wand of paralysis (13/24)
 s - a wand of heal wounds (6/9)
 x - a wand of lightning (0/15)
 B - a wand of flame (0/48)
 D - a wand of polymorph (11/24)
 F - a wand of acid (0/15)
 G - a wand of slowing (11/48)
 I - a wand of paralysis (18/24)
 K - a wand of digging (20/24)
 M - a wand of teleportation (6/9)
 N - a wand of flame (0/48)
 P - a wand of disintegration (0/24)
 Z - a wand of flame (19/48)
Scrolls
 p - 8 scrolls of remove curse
 z - a scroll of fear
 L - 2 scrolls of amnesia
Potions
 e - a potion of lignification
 h - a potion of cancellation
 m - 2 potions of mutation
 E - 2 potions of flight {unknown}
 U - a potion of might
 X - a potion of curing
Books
 t - a book of Ice

   Spells                             Type                      Level
   a - Ice Form                       Ice/Transmutation            4
   b - Metabolic Englaciation         Hexes/Ice                    5
   c - Ozocubu's Refrigeration        Ice                          6
   d - Bolt of Cold                   Conjuration/Ice              6
   e - Freezing Cloud                 Conjuration/Ice/Air          6
   f - Simulacrum                     Ice/Necromancy               6
 y - a book of Flames

   Spells                             Type                      Level
   a - Flame Tongue                   Conjuration/Fire             1
   b - Throw Flame                    Conjuration/Fire             2
   c - Conjure Flame                  Conjuration/Fire             3
   d - Inner Flame                    Hexes/Fire                   3
   e - Sticky Flame                   Conjuration/Fire             4
   f - Fireball                       Conjuration/Fire             5
 O - a book of Clouds

   Spells                             Type                      Level
   a - Mephitic Cloud                 Conjuration/Poison/Air       3
   b - Conjure Flame                  Conjuration/Fire             3
   c - Poisonous Cloud                Conjuration/Poison/Air       6
   d - Freezing Cloud                 Conjuration/Ice/Air          6
   e - Ring of Flames                 Charms/Fire                  7
 T - a book of the Dragon

   Spells                             Type                      Level
   a - Flame Tongue                   Conjuration/Fire             1
   b - Cause Fear                     Hexes                        4
   c - Bolt of Fire                   Conjuration/Fire             6
   d - Dragon Form                    Transmutation                7
   e - Dragon's Call                  Summoning                    9
Miscellaneous
 C - a phial of floods (inert)
Comestibles
 o - 14 fruits
 r - 11 bread rations
 w - 6 meat rations


   Skills:
 + Level 14.9 Fighting
 + Level 16.5 Axes
 + Level 9.0 Armour
 + Level 9.5 Dodging
 + Level 11.4 Shields
 + Level 3.9 Invocations
 + Level 1.5 Evocations


You had 12 spell levels left.
You didn't know any spells.

Dungeon Overview and Level Annotations

Branches:
Dungeon (13/15)            Temple (1/1) D:7            Lair (6/6) D:10
  Swamp (0/4) Lair:4       Spider (0/4) Lair:2        Slime (0/5) Lair:6
    Orc (0/2) D:12
 Vaults: D:13-14

Altars:
Ashenzari
Cheibriados
Dithmenos
Elyvilon
Fedhas
Gozag
Hepliaklqana
Kikubaaqudgha
Makhleb
Nemelex Xobeh
Okawaru
Pakellas
Qazlal
Ru
Sif Muna
Trog
Uskayaw
Vehumet
Xom
Yredelemnul
Zin
The Shining One
Beogh
Jiyva

Annotations:
Lair:6 1 runed door


Innate Abilities, Weirdness & Mutations

You reflexively headbutt those who attack you in melee.
You have a pair of horns on your head.
Your skin changes colour to match your surroundings (Stealth+).


Message History

Your surroundings suddenly seem different.
You feel sick.
The eight-headed hydra roars!
An eight-headed hydra comes into view.
As you read the scroll of teleportation, it crumbles to dust.
You feel strangely unstable.
You feel sick.
As you read the scroll of fear, it crumbles to dust.
You assume a fearsome visage.
The eight-headed hydra resists with some effort.
The eight-headed hydra looks frightened!
You feel sick.
You feel sick.
You block the eight-headed hydra's attack. x3
The eight-headed hydra bites you but does no damage.
The eight-headed hydra misses you.
The eight-headed hydra closely misses you.
The eight-headed hydra bites you.
* * * LOW HITPOINT WARNING * * *
The eight-headed hydra bites you!
You die...

.....###..........P#####.........
.###.#PP...........##.#..........
..####..............##...........
.######................#.........
......................##.........
...†..........§.D....##..........
...†.#.##........§§..##.........#
.†....## ......D.§§...#.........#
......# .#.....@....#.........##
......# ##...§..§....###..P....
.......# ##..#..#....# ###....##
......## #P..###.....# #...##
#.#..## #.P# ###### ###.. ######
.## ##


You could see 2 eight-headed hydras.

Vanquished Creatures
  Rupert (Lair:3)
  The ghost of poirepourri the Cleaver, a journeyman DDFi of Makhleb (D:12)
  Snorg (Lair:4)
  2 hydras
  The ghost of HAL9000 the Slicer, a journeyman VSEn of Uskayaw (Lair:1)
  Erica (D:10)
  A death yak (Lair:6)
  The ghost of HAL9000 the Slicer, a journeyman VSAs of Uskayaw (D:11)
  Nergalle (Lair:3)
  7 hill giants
  2 oklob plants (D:10)
  2 ugly things (D:11)
  A cyclops (D:9)
  2 black mambas (Lair:6)
  2 torpor snails
  A centaur skeleton (D:10)
  11 spiny frogs
  A komodo dragon (Lair:6)
  2 rime drakes
  6 trolls
  3 polar bears
  15 blink frogs
  A shadow (D:12)
  3 redbacks (Lair:2)
  2 wyverns
  A spriggan (D:7)
  2 wraiths
  2 hungry ghosts
  2 basilisks
  Grum (D:9)
  A steam dragon (D:12)
  22 yaks
  11 hippogriffs
  3 vampire mosquitoes (D:12)
  3 insubstantial wisps (Lair:4)
  A soldier ant (D:12)
  10 water moccasins
  A giant eyeball (D:9)
  8 porcupines
  2 black bears
  12 orc warriors
  2 ice beasts
  4 sky beasts
  A wasp (D:11)
  A phantom (D:10)
  18 crocodiles
  2 necrophages (D:11)
  9 ogres
  4 wolves (D:9)
  7 centaurs
  15 giant frogs
  A wyvern zombie (D:11)
  A gnoll sergeant (D:11)
  5 scorpions
  4 wights (D:7)
  6 killer bees (D:11)
  5 howler monkeys
  10 crimson imps
  2 centaur zombies
  5 hounds
  2 jellies (D:10)
  8 orc priests
  10 orc wizards
  A giant frog zombie (D:6)
  Crazy Yiuf (D:5)
  A giant frog skeleton (D:11)
  7 iguanas
  8 worker ants
  A killer bee zombie (D:8)
  11 sheep
  2 hound skeletons
  Robin (D:4)
  A howler monkey zombie (D:9)
  2 worker ant zombies
  7 gnolls
  8 adders
  58 river rats
  4 shadow imps
  An ooze (D:1)
  2 adder skeletons (D:7)
  2 worms (D:2)
  A dart slug (D:1)
  14 giant geckos
  62 orcs
  3 ball pythons
  6 bats
  5 giant cockroaches
  10 hobgoblins
  15 jackals
  3 quokkas
  6 giant newts
  13 goblins
  8 kobolds
  A quokka zombie (D:8)
  8 rats
  2 butterflies (Lair:2)
  16 fungi
  4 plants
570 creatures vanquished.

Vanquished Creatures (collateral kills)
  A death yak (Lair:5)
  A jelly (D:10)
  An iguana (D:10)
  2 river rats (Lair:6)
  An orc (D:10)
6 creatures vanquished.

Vanquished Creatures (others)
  A crocodile (Lair:6)
  An orc wizard (D:11)
  2 fungi
  10 plants
14 creatures vanquished.

Grand Total: 590 creatures vanquished

Notes
Turn   | Place    | Note
-------+----------+-------------------------------------------
     0 | D:1      | poirepourri the Minotaur Fighter began the quest for the Orb.
     0 | D:1      | Reached XP level 1. HP: 19/19 MP: 0/0
   249 | D:1      | Reached XP level 2. HP: 27/27 MP: 1/1
   892 | D:2      | Reached XP level 3. HP: 10/33 MP: 2/2
  1273 | D:2      | Reached skill level 3 in Axes
  1683 | D:2      | Reached XP level 4. HP: 34/41 MP: 3/3
  1692 | D:2      | Reached skill level 5 in Fighting
  2243 | D:3      | Reached skill level 4 in Axes
  2243 | D:3      | Reached XP level 5. HP: 44/50 MP: 4/4
  2576 | D:3      | Found a bloodstained altar of Trog.
  2722 | D:4      | Reached skill level 5 in Axes
  2896 | D:4      | Noticed Robin
  2906 | D:4      | Reached XP level 6. HP: 54/57 MP: 5/5
  2915 | D:4      | Killed Robin
  3179 | D:4      | Noticed a yak
  3180 | D:4      | Noticed a yak
  3184 | D:4      | Noticed a yak
  3184 | D:4      | Noticed a yak
  3186 | D:4      | Noticed a yak
  3195 | D:4      | Killed a yak
  3195 | D:4      | Reached skill level 6 in Axes
  3206 | D:4      | Killed a yak
  3206 | D:4      | Reached XP level 7. HP: 42/67 MP: 6/6
  3208 | D:4      | Killed a yak
  3208 | D:4      | Reached skill level 7 in Axes
  3210 | D:4      | Killed a yak
  3215 | D:4      | Killed a yak
  3215 | D:4      | Reached skill level 8 in Axes
  3215 | D:4      | Reached XP level 8. HP: 39/77 MP: 7/7
  3697 | D:5      | Entered Level 5 of the Dungeon
  3947 | D:5      | Found a runed door.
  4218 | D:5      | Reached skill level 9 in Axes
  4485 | D:5      | Noticed Crazy Yiuf
  4491 | D:5      | Killed Crazy Yiuf
  4727 | D:6      | Reached skill level 10 in Fighting
  4843 | D:6      | HP: 3/79 [orc warrior/trident (10)]
  4862 | D:6      | Reached skill level 10 in Axes
  5312 | D:6      | Reached XP level 9. HP: 85/85 MP: 8/8
  5342 | D:6      | Found a snail-covered altar of Cheibriados.
  5714 | D:6      | Noticed a hill giant
  5724 | D:6      | Killed a hill giant
  5922 | D:7      | Reached skill level 11 in Axes
  6050 | D:7      | Found a staircase to the Ecumenical Temple.
  6077 | Temple   | Entered the Ecumenical Temple
  6320 | Temple   | Became a worshipper of Qazlal Stormbringer
  6352 | D:7      | Got a warped lead ring
  6451 | D:7      | Reached skill level 1 in Dodging
  6679 | D:7      | Reached skill level 12 in Axes
  6724 | D:7      | Reached * piety under Qazlal
  6894 | D:7      | Found a bloodstained altar of Trog.
  7298 | D:8      | Reached XP level 10. HP: 65/96 MP: 9/9
  7337 | D:8      | Reached ** piety under Qazlal
  7547 | D:8      | Found a roughly hewn altar of Beogh.
  7787 | D:8      | Identified the ring "Iriwkoid" {rC+ rN+ Dex-3 Stlth+} (You found it on level 7 of the Dungeon)
  8398 | D:9      | Noticed a cyclops
  8414 | D:9      | Killed a cyclops
  8414 | D:9      | Reached skill level 13 in Axes
  9004 | D:9      | Noticed Grum
  9010 | D:9      | Killed Grum
  9010 | D:9      | Reached *** piety under Qazlal
  9124 | D:10     | Entered Level 10 of the Dungeon
  9130 | D:10     | Reached skill level 5 in Dodging
  9153 | D:10     | Reached XP level 11. HP: 104/105 MP: 10/10
  9164 | D:10     | Noticed Erica
  9177 | D:10     | Killed Erica
  9177 | D:10     | Reached skill level 1 in Invocations
  9253 | D:10     | Reached skill level 5 in Shields
  9415 | D:10     | Reached skill level 5 in Armour
  9520 | D:10     | Noticed an oklob plant
  9542 | D:10     | Noticed an oklob plant
  9645 | D:10     | Reached skill level 14 in Axes
  9705 | D:10     | Noticed a hill giant
  9713 | D:10     | Killed a hill giant
  9849 | D:10     | Found a staircase to the Lair.
 10023 | D:11     | Noticed a hill giant
 10035 | D:11     | Killed a hill giant
 10100 | D:11     | Noticed a hill giant
 10110 | D:11     | Killed a hill giant
 10161 | D:11     | Noticed a hill giant
 10165 | D:11     | Noticed HAL9000's ghost (journeyman VSAs)
 10174 | D:11     | Killed a hill giant
 10403 | D:11     | Noticed a red ugly thing
 10431 | D:11     | HP: 1/107 [red ugly thing (21)]
 10433 | D:11     | Killed a red ugly thing
 10900 | D:11     | Killed HAL9000's ghost
 10943 | D:11     | Noticed a white ugly thing
 10948 | D:11     | Killed a white ugly thing
 11594 | D:12     | Noticed a hill giant
 11615 | D:12     | Killed a hill giant
 11615 | D:12     | Reached XP level 12. HP: 98/115 MP: 13/13
 11659 | D:12     | Noticed poirepourri's ghost (journeyman DDFi)
 11682 | D:12     | Killed poirepourri's ghost
 11937 | D:12     | Found a staircase to the Orcish Mines.
 12029 | D:12     | Reached skill level 15 in Axes
 12268 | D:12     | Found a shadowy altar of Dithmenos.
 12650 | Lair:1   | Entered Level 1 of the Lair of Beasts
 13464 | Lair:1   | Noticed HAL9000's ghost (journeyman VSEn)
 13495 | Lair:1   | Killed HAL9000's ghost
 13984 | Lair:2   | Noticed a six-headed hydra
 14002 | Lair:2   | Killed a six-headed hydra
 14553 | Lair:2   | Found a hole to the Spider Nest.
 15529 | Lair:3   | Noticed Rupert
 15553 | Lair:3   | Killed Rupert
 15553 | Lair:3   | Reached skill level 1 in Evocations
 15553 | Lair:3   | Reached XP level 13. HP: 85/124 MP: 14/14
 15869 | Lair:3   | Noticed Nergalle
 15887 | Lair:3   | Killed Nergalle
 16423 | Lair:4   | Found a staircase to the Swamp.
 16454 | Lair:4   | Reached skill level 10 in Shields
 16698 | Lair:4   | Noticed Snorg
 16712 | Lair:4   | Killed Snorg
 16732 | Lair:4   | Reached **** piety under Qazlal
 17274 | Lair:5   | Gained mutation: You tend to lose your temper in combat. [potion of mutation]
 17274 | Lair:5   | Gained mutation: Your skin changes colour to match your surroundings (Stealth+). [potion of mutation]
 17275 | Lair:5   | Lost mutation: You tend to lose your temper in combat. [potion of cure mutation]
 17310 | Lair:5   | Reached skill level 16 in Axes
 17823 | Lair:6   | Entered Level 6 of the Lair of Beasts
 17944 | Lair:6   | Found a runed door.
 17945 | Lair:6   | Found a viscous altar of Jiyva.
 17946 | Lair:6   | Noticed an acid blob
 17948 | Lair:6   | Found a staircase to the Slime Pits.
 17950 | Lair:6   | Noticed an acid blob
 18629 | Lair:6   | Noticed a dire elephant
 18642 | Lair:6   | Slain by an eight-headed hydra

Vault maps used:
D:1:      dpeg_arrival_circle_labyrinth_c
D:2:      minmay_pentomino_v4
D:3:      lightli_temple_of_fire, first_bread
D:4:      uniq_robin
D:5:      uniq_crazy_yiuf_cottage
D:6:      basic_altar
D:7:      the_bakery, trog_book
D:8:      special_room, kennysheep_generic_room_12
D:9:      onia_ninara_cookie, uniq_grum
D:10:     dpeg_oklobed_lair, minmay_lizard_king, uniq_erica
D:12:     david_orc_4, nicolae_dithmenos_through_a_glass_darkly
D:13:     grunt_vaults_entry_tiered, serial_shops, shop
Temple:   nicolae_temple_the_god_donut
Lair:2:   spider_nest_entry_webs, lemuel_fruit_fields, grunt_megastairs_5
Lair:3:   uniq_nergalle, uniq_rupert
Lair:4:   minmay_swamp_entry_wisps, uniq_snorg
Lair:5:   infiniplex_staircase_pool_2, lemuel_fruit_tree, serial_bayou_shore_b
Lair:6:   evil_forest, slime_altar_2

Skill      XL: |  1  2  3  4  5  6  7  8  9 10 11 12 13 |
---------------+----------------------------------------+-----
Armour         | 4 6 8 9 |  9.0
Shields        | 4 7 9 11 | 11.4
Fighting       | 4 5 6 7 8 10 11 12 13 14 | 14.9
Axes           | 3 4 5 6 8 10 12 13 14 15 16 | 16.5
Dodging        | 2 5 6 8 9 |  9.5
Invocations    | 3 |  3.9
Evocations     | 1 |  1.5

Action                   |  1- 3 |  4- 6 |  7- 9 | 10-12 | 13-15 || total
-------------------------+-------+-------+-------+-------+-------++-------
Melee: War axe           |    91 |   101 |   251 |   684 |   294 ||  1421
       Headbutt          |    15 |    22 |    48 |   150 |    71 ||   306
Invok: Upheaval          |       |       |       |    21 |     4 ||    25
       Elemental Force   |       |       |       |     2 |     2 ||     4
 Abil: Evoke Invisibilit |       |       |       |     1 |       ||     1
Evoke: Wand              |       |       |     2 |    30 |    11 ||    43
       Phial of floods   |       |       |       |     2 |     1 ||     3
  Use: Scroll            |       |    12 |    12 |    19 |    21 ||    64
       Potion            |       |     6 |     2 |    12 |     9 ||    29
  Eat: Bread ration      |     1 |       |     2 |     3 |       ||     6
       Beef jerky        |       |     1 |     2 |     3 |     1 ||     7
       Pizza             |       |     1 |       |       |       ||     1
       Meat ration       |       |       |     1 |     1 |     2 ||     4
       Fruit             |       |       |     1 |     4 |       ||     5
       Royal jelly       |       |       |       |     1 |       ||     1
Armor: Scale mail        |    61 |    38 |    66 |   175 |    72 ||   412
       Skin              |       |       |     1 |     2 |       ||     3
Dodge: Dodged            |    30 |    45 |    47 |   185 |    87 ||   394
Block: Shield            |    62 |    48 |    91 |   413 |   339 ||   953
